 Dungeon Crawl Stone Soup version 0.29.1-15-g9cfb28693d (webtiles) character file.

Game seed: 18001339401256119709

136023 croobank the Fighter (level 16, -7/187 HPs)
             Began as a Demonspawn Fire Elementalist on Apr 6, 2023.
             Was the Champion of Hepliaklqana.
             Mangled by a white very ugly thing (12 damage)
             ... in an ice cave on Apr 7, 2023.
             The game lasted 03:30:36 (34976 turns).

croobank the Fighter (DsFE)                        Turns: 34976, Time: 03:30:36

Health: -7/187     AC: 17    Str: 14    XL:     16   Next: 65%
Magic:  0/29       EV: 14    Int: 25    God:    Hepliaklqana [******]
Gold:   2202       SH: 19    Dex: 14    Spells: 3/34 levels left

rFire   + . .      SeeInvis .   o - +3 scimitar (flame)
rCold   + + .      Faith    .   C - +4 kite shield "Quad" {rF+ Slay+3}
rNeg    . . .      Spirit   +   t - +2 troll leather armour {Snorg}
rPois   .          Reflect  +   G - +2 helmet
rElec   .          Harm     .   T - scarf {rC+ rF+}
rCorr   .          Rampage  .   u - +1 pair of gloves
Will    ++...                   I - +2 pair of boots {Stlth+}
Stlth   ..........              r - amulet "Onofa" {Reflect Regen+ Str+3 Int+3 SH+5}
HPRegen 2.01/turn               F - ring of ice
MPRegen 0.42/turn               Q - ring of willpower

@: mighty, berserking, hasted, very quick
A: reduced essence, yellow scales 2, ignite blood 1, robust 1, magic shield,
magic regeneration, weakness stinger 2
a: Renounce Religion, Recall Ancestor, Ancestor Identity, Transference, Idealise


You were in an ice cave.
You worshipped Hepliaklqana.
Hepliaklqana was exalted by your worship.
You visited 7 branches of the dungeon, and saw 28 of its levels.
You also visited: Sewer and Ice Cave.

You collected 3762 gold pieces.
You spent 1560 gold pieces at shops.

Inventory:

Hand Weapons
 o - a +3 scimitar of flaming (weapon)
 L - a +3 vorpal scimitar
 O - a +3 antimagic whip
Missiles
 v - 6 curare-tipped darts (quivered)
Armour
 t - a +2 troll leather armour (worn) {Snorg}
 u - a +1 pair of gloves (worn)
 C - the +4 kite shield "Quad" (worn) {rF+ Slay+3}
   (You acquired it on level 1 of the Lair of Beasts)

   Slay:      It affects your accuracy & damage with ranged weapons and melee
   (+3).
   rF:        It protects you from fire.
 E - a +2 robe of resistance
 G - a +2 helmet (worn)
 I - a +2 pair of boots of stealth (worn)
 S - a +2 robe of willpower
 T - a scarf of resistance (worn)
Magical Staves
 z - a staff of fire
Jewellery
 b - an amulet of magic regeneration
 g - a ring of poison resistance
 j - a ring of protection from fire
 k - a ring of protection from fire
 r - the amulet "Onofa" (around neck) {Reflect Regen+ Str+3 Int+3 SH+5}
   (You found it on level 14 of the Dungeon)

   [amulet of reflection]

   It reflects blocked missile attacks.
   Str:       It affects your strength (+3).
   Int:       It affects your intelligence (+3).
   Regen:     It increases your rate of health regeneration.
   SH:        It affects your SH (+5).
 w - a +6 ring of strength
 F - a ring of ice (left hand)
 H - a ring of positive energy
 K - a ring of see invisible
 Q - a ring of willpower (right hand)
 R - a ring of magical power
 V - a ring of ice
Wands
 e - a wand of charming (36)
 q - a wand of digging (5)
 N - a wand of flame (39)
 P - a wand of iceblast (20)
Scrolls
 n - a scroll of silence
 p - 3 scrolls of teleportation
 U - a scroll of vulnerability
 W - a scroll of magic mapping
 Z - 2 scrolls of immolation
Potions
 d - 2 potions of flight
 f - 9 potions of curing
 h - 2 potions of cancellation
 A - a potion of ambrosia
 D - 7 potions of brilliance
Miscellaneous
 B - a phial of floods


   Skills:
 - Level 11.2 Fighting
 - Level 5.3 Staves
 - Level 9.6 Dodging
 - Level 10.5 Stealth
 - Level 8.0 Shields
 - Level 9.7 Spellcasting
 - Level 10.3 Conjurations
 + Level 5.9 Hexes
 + Level 6.1 Summonings
 - Level 9.8 Fire Magic
 - Level 6.4 Air Magic
 - Level 7.0 Poison Magic
 + Level 9.6 Invocations


You had 3 spell levels left.
You knew the following spells:

 Your Spells              Type           Power      Damage    Failure   Level
a - Foxfire               Conj/Fire      100%       2x1d9     1%          1
b - Scorch                Fire           100%       2d10      1%          2
c - Inner Flame           Hex/Fire       51%        N/A       1%          3
d - Mephitic Cloud        Conj/Pois/Air  51%        N/A       1%          3
e - Flame Wave            Conj/Fire      58%        2d14      2%          4
f - Fireball              Conj/Fire      29%        3d13      7%          5
g - Iskenderun's Battles  Conj           59%        2d11      6%          5
h - Summon Guardian Gole  Hex/Summ       42%        N/A       4%          3
i - Summon Mana Viper     Hex/Summ       42%        N/A       36%         5

Your spell library contained the following spells:

 Spells                   Type           Power      Damage    Failure   Level
 Magic Dart               Conj           100%       1d8       1%          1
 Summon Small Mammal      Summ           100%       N/A       1%          1
 Call Imp                 Summ           42%        N/A       1%          2
 Conjure Flame            Conj/Fire      58%        6-21      1%          3
 Call Canine Familiar     Summ           42%        N/A       3%          3
 Stone Arrow              Conj/Erth      76%        3d11      5%          3
 Spider Form              Tmut/Pois      29%        N/A       11%         3
 Portal Projectile        Hex/Tloc       54%        N/A       14%         3
 Apportation              Tloc           24%        N/A       16%         1
 Beastly Appendage        Tmut           24%        N/A       16%         1
 Necrotise                Necr           48%        1d6       16%         1
 Sandblast                Erth           24%        2d8       16%         1
 Passwall                 Tmut/Erth      10%        N/A       24%         2
 Wereblood                Tmut           12%        N/A       24%         2
 Ozocubu's Armour         Ice            18%        N/A       43%         3
 Vampiric Draining        Necr           12%        2d6       43%         3
 Summon Ice Beast         Ice/Summ       41%        N/A       41%         4
 Leda's Liquefaction      Hex/Erth       13%        N/A       43%         4
 Conjure Ball Lightning   Conj/Air       26%        3x3d7     58%         6
 Orb of Destruction       Conj           29%        9d9       88%         7
 Iron Shot                Conj/Erth      19%        9d4       96%         6
 Agony                    Necr           12%        N/A       99%         5
 Spellforged Servitor     Conj/Summ      26%        N/A       99%         7
 Dispersal                Tloc           6%         N/A       100%        6
 Malign Gateway           Summ/Tloc      13%        N/A       100%        7
 Monstrous Menagerie      Summ           21%        N/A       100%        7
 Ozocubu's Refrigeration  Ice            9%         4d9       100%        7
 Disjunction              Tloc           6%         N/A       100%        8
 Summon Horrible Things   Summ           21%        N/A       100%        8


Dungeon Overview and Level Annotations

Branches:
Dungeon (15/15)            Temple (1/1) D:4            Lair (5/5) D:8
  Swamp (0/4) Lair:3       Spider (2/4) Lair:2        Slime (0/5) Lair:4
    Orc (2/2) D:10            Elf (2/3) Orc:2        Vaults (0/5) D:13
 Depths (1/4) D:15          Sewer (visited)           IceCv (1/1)

Altars:
Ashenzari
Cheibriados
Dithmenos
Fedhas
Gozag
Hepliaklqana
Kikubaaqudgha
Makhleb
Nemelex Xobeh
Okawaru
Qazlal
Ru
Sif Muna
Trog
Uskayaw
Vehumet
Wu Jian
Xom
Yredelemnul
Jiyva

Shops:
D:2 !   D:7 *   D:12 [   Orc:2 :[*(   Elf:1 (

Annotations:
D:10 3 runed translucent doors IceCv 1 transporter, exclusion: orange crystal statue


Innate Abilities, Weirdness & Mutations

Your life essence is reduced to manifest your ancestor. (-10% HP)
You are mostly covered in yellow scales. (AC +3)
Your demonic aura sometimes causes spilled blood to erupt in flames.
You are robust. (+10% HP)
When hurt, damage is shared between your health and your magic reserves.
You regenerate magic rapidly.
You have a tail ending in a sharp stinger.


Message History

The white very ugly thing is burned terribly!
The white very ugly thing is moderately wounded.
Casting: Scorch (safe; 1% risk of failure)
Confirm with . or Enter, or press ? or * to list all spells.
You don't have enough magic to cast this spell.
Casting: Scorch (safe; 1% risk of failure)
Confirm with . or Enter, or press ? or * to list all spells.
You don't have enough magic to cast this spell.
You're wearing all the rings you can.
Remove which one? (? for menu, Esc to cancel) < or
j - a ring of protection from fire; > or
Q - a ring of willpower
Okay, then.
You're wearing all the rings you can.
Remove which one? (? for menu, Esc to cancel) < or
j - a ring of protection from fire; > or
Q - a ring of willpower You remove your ring of protection from fire.
The foxfire hits the white very ugly thing!
The white very ugly thing is burned terribly!
The white very ugly thing is moderately wounded.
You feel more attuned to ice.
F - a ring of ice (left hand)
You feel better.
You feel better.
You slash the white very ugly thing! You burn the white very ugly thing!
You tail-slap the white very ugly thing!
The white very ugly thing is severely wounded.
The white very ugly thing kicks you. The white very ugly thing freezes you!
You resist.
* * * LOW HITPOINT WARNING * * *
You hit the white very ugly thing. You burn the white very ugly thing.
You tail-slap the white very ugly thing!
The white very ugly thing is almost dead.
The white very ugly thing kicks you!!
* * * LOW HITPOINT WARNING * * *
The white very ugly thing freezes you! You resist.
* * * LOW HITPOINT WARNING * * *
A red film seems to cover your vision as you go berserk!
You feel yourself moving faster!
You feel mighty! The white very ugly thing kicks you!
You die...

..[:8?$ ...$)$W
....... 8......
#8..©..
##########
...8©8.u@##
..$.©.$...#
....?$§§○§.##
#......?§§.○§.#
#....8..☼8§§§.#
#.........§§☼.#
#...........##
#...........#
#...........#


You could see a white very ugly thing (combustible).

Vanquished Creatures
  Rupert (Lair:3)
  2 orc warlords
  An emperor scorpion (Spider:1)
  A stone giant (D:15)
  Azrael (Orc:1)
  An entropy weaver (Spider:1)
  Snorg (Orc:1)
  4 boulder beetles (D:12)
  6 hydras
  A catoblepas (D:15)
  4 centaur warriors
  A death knight (D:14)
  7 two-headed ogres
  4 tengu warriors
  A dancing weapon (Elf:1)
  6 death yaks
  An orc high priest (Orc:2)
  Nergalle (D:11)
  Sonja (Orc:1)
  2 deep elf knights
  A pharaoh ant (Lair:2)
  3 skeletal warriors
  A sun moth (Spider:2)
  2 orb spiders
  5 deep elf archers (Elf:1)
  9 deep elf pyromancers (Elf:1)
  2 necromancers (D:13)
  11 deep elf zephyrmancers
  5 orc knights
  A wolf spider (Spider:1)
  7 ugly things
  2 cyclopes (D:15)
  2 manticores
  2 orc sorcerers
  2 slime creatures (D:13)
  6 black mambas
  3 rime drakes
  11 cane toads
  An efreet (D:14)
  An unseen horror (shapeshifter) (D:13)
  2 anaconda simulacra (IceCv)
  5 komodo dragons
  5 trolls
  4 meliai
  5 polar bears
  A tyrant leech (Lair:3)
  A wolf spider simulacrum (D:15)
  A tarantella (Spider:2)
  3 hornets (Lair:5)
  A dream sheep (Lair:5)
  12 blink frogs
  2 centaur simulacra (D:13)
  A shadow (D:10)
  9 spriggans (Lair:5)
  20 yaks
  A vampire (D:11)
  A wraith (D:12)
  2 fire elementals (Orc:1)
  3 wyverns
  A dire elephant simulacrum (IceCv)
  3 redbacks
  A steam dragon (D:8)
  8 vampire mosquitoes
  Grum (D:9)
  3 basilisks
  A swamp worm (Lair:3)
  2 wargs
  3 acid dragons
  2 hell hounds (Orc:1)
  12 water moccasins
  28 orc warriors
  An ettin simulacrum (IceCv)
  An ice beast (D:6)
  2 black bears (Lair:5)
  An alligator simulacrum (IceCv)
  8 ogres
  6 boggarts
  18 wolves
  4 centaurs
  A phantom (D:6)
  3 kobold brigands
  11 bullfrogs
  3 necrophages
  A gnoll sergeant (D:3)
  A scorpion (D:5)
  A wight (D:9)
  A battlemage (Orc:2)
  5 killer bees
  3 lindwurm simulacra (IceCv)
  5 electric eels
  4 howler monkeys
  4 orc priests
  4 jellies
  An iguana (D:4)
  16 orc wizards
  8 gnolls
  14 adders
  2 shadow imps
  An ufetubus (D:6)
  2 worms (Sewer)
  2 dart slugs
  57 orcs
  7 ball pythons
  8 endoplasms
  2 giant cockroaches
  13 goblins
  12 hobgoblins
  3 jackals (D:2)
  3 quokkas
  8 bats
  4 frilled lizards
  12 kobolds
  9 rats
540 creatures vanquished.

Vanquished Creatures (collateral kills)
  2 orc warlords
  A deep elf annihilator (Elf:1)
  A deep elf high priest (Elf:1)
  A boulder beetle (D:14)
  A catoblepas (D:13)
  An ogre mage (D:15)
  4 dancing weapons (Elf:1)
  3 two-headed ogres
  3 skeletal warriors
  A swamp dragon (shapeshifter) (Elf:1)
  2 deep elf archers (Elf:1)
  8 deep elf pyromancers
  4 orc knights
  6 deep elf zephyrmancers
  3 wolf spiders
  8 cyclopes
  8 ugly things (D:14)
  3 orc sorcerers
  A manticore (D:15)
  Joseph (D:9)
  2 black mambas
  3 cane toads
  Psyche (D:9)
  2 kobold demonologists (D:12)
  3 demonic crawlers
  A freezing wraith (D:14)
  A rime drake (shapeshifter) (D:13)
  4 komodo dragons
  2 trolls
  A tyrant leech (Lair:3)
  3 polar bears (Lair:5)
  3 tarantellas (Spider:2)
  3 blink frogs
  2 slime creatures (D:13)
  A dream sheep (Lair:5)
  A wraith (D:10)
  3 spriggans (Lair:5)
  A jumping spider (Spider:2)
  A shadow (D:11)
  15 yaks
  A vampire (D:9)
  2 wyverns
  3 basilisks
  2 water elementals (Elf:1)
  A fire elemental (Elf:1)
  9 redbacks
  A vampire mosquito (D:10)
  5 wargs
  2 steam dragons
  An acid dragon (D:13)
  2 water moccasins
  16 orc warriors
  A black bear (Lair:5)
  3 sky beasts
  5 ogres
  2 boggarts (Lair:5)
  2 centaurs
  12 wolves
  A kobold brigand (D:12)
  A scorpion (D:6)
  6 bullfrogs
  2 earth elementals (Elf:1)
  2 gnoll sergeants
  5 wights (D:7)
  2 killer bees (D:9)
  2 howler monkeys (D:8)
  A hound (D:5)
  7 orc priests
  5 orc wizards
  2 adders
  A gnoll (D:10)
  19 orcs
  An endoplasm (Sewer)
  A ball python (Sewer)
  26 foxfires
269 creatures vanquished.

Vanquished Creatures (others)
  Jorgrun (Spider:1)
  A deep elf knight (Elf:1)
  A redback (Spider:1)
  A hell hound (Orc:1)
  44 battlemagi
  An orc wizard (D:10)
  An ancestor (D:6)
  1842 foxfires
  32 fungi
  36 plants
1960 creatures vanquished.

Grand Total: 2769 creatures vanquished

Notes
Turn   | Place    | Note
-------+----------+-------------------------------------------
     0 | D:1      | croobank the Demonspawn Fire Elementalist began the quest
                  | for the Orb.
     0 | D:1      | Reached XP level 1. HP: 13/13 MP: 3/3
   371 | D:1      | Gained mutation: You are partially covered in yellow
                  | scales. (AC +2) [demonic ancestry]
   371 | D:1      | Reached XP level 2. HP: 19/19 MP: 3/5
   374 | D:1      | Learned a level 2 spell: Scorch
  1558 | D:2      | Gained mutation: You have a small tail. [demonic ancestry]
  1558 | D:2      | Reached XP level 3. HP: 24/24 MP: 6/6
  1586 | D:2      | Found Doashru's Distillery.
  2318 | D:2      | Gained mutation: Your demonic aura sometimes causes spilled
                  | blood to erupt in flames. [demonic ancestry]
  2318 | D:2      | Reached XP level 4. HP: 16/30 MP: 1/7
  2989 | D:3      | Noticed a gnoll sergeant
  2996 | D:3      | Learned a level 3 spell: Inner Flame
  3294 | D:3      | Found a faded altar of an unknown god.
  3347 | D:3      | Reached XP level 5. HP: 35/35 MP: 0/9
  4348 | D:4      | Gained mutation: You regenerate magic rapidly. [demonic
                  | ancestry]
  4348 | D:4      | Reached XP level 6. HP: 41/41 MP: 6/10
  4634 | D:4      | Found a staircase to the Ecumenical Temple.
  4639 | Temple   | Entered the Ecumenical Temple
  4709 | Temple   | Became a worshipper of Hepliaklqana the Forgotten
  5431 | D:4      | Reached skill level 1 in Invocations
  5530 | D:5      | Entered Level 5 of the Dungeon
  5632 | D:5      | Reached skill level 1 in Fighting
  5956 | D:5      | Reached XP level 7. HP: 48/48 MP: 7/12
  6202 | D:5      | Reached * piety under Hepliaklqana
  6262 | D:5      | Reached skill level 1 in Hexes
  6538 | D:5      | Found a broken altar of Ashenzari.
  6546 | D:5      | Reached skill level 2 in Fighting
  6887 | D:6      | Found a glowing drain.
  6900 | D:6      | Learned a level 3 spell: Mephitic Cloud
  6919 | Sewer    | Entered a sewer
  7574 | D:6      | Reached XP level 8. HP: 51/51 MP: 10/13
  7674 | D:6      | Reached skill level 3 in Fighting
  7898 | D:6      | Found a basalt altar of Yredelemnul.
  7942 | D:6      | Reached ** piety under Hepliaklqana
  7943 | D:6      | Remembered your ancestor Wilburh as a battlemage
  8540 | D:6      | Reached skill level 5 in Invocations
  8972 | D:7      | Found Cacamu's Assorted Antiques.
  8979 | D:7      | Bought a shiny bronze ring for 140 gold pieces
  8979 | D:7      | Bought a glass ring for 140 gold pieces
  9003 | D:7      | Reached skill level 4 in Fighting
  9031 | D:7      | Reached XP level 9. HP: 58/58 MP: 9/15
 10162 | D:8      | Reached skill level 1 in Staves
 10162 | D:8      | Reached skill level 5 in Fire Magic
 10165 | D:8      | Reached skill level 5 in Fighting
 10165 | D:8      | Reached skill level 5 in Stealth
 10246 | D:8      | Reached *** piety under Hepliaklqana
 10741 | D:8      | Identified the +6 whip "Buenukk" {drain, MP+9 Int+4}
 10794 | D:8      | Noticed a komodo dragon
 10800 | D:8      | Killed a komodo dragon
 10801 | D:8      | Reached skill level 5 in Conjurations
 10801 | D:8      | Gained mutation: You have a tail ending in a sharp stinger.
                  | [demonic ancestry]
 10801 | D:8      | Reached XP level 10. HP: 63/66 MP: 9/17
 10843 | D:8      | Reached skill level 5 in Spellcasting
 10895 | D:8      | Found a staircase to the Lair.
 11047 | D:9      | Found a burning altar of Makhleb.
 11060 | D:9      | Noticed Grum
 11063 | D:9      | Killed Grum
 11064 | D:9      | Reached skill level 5 in Dodging
 11284 | D:9      | Reached skill level 6 in Fighting
 11455 | D:9      | Noticed Joseph
 11489 | D:10     | Entered Level 10 of the Dungeon
 11489 | D:10     | Reached **** piety under Hepliaklqana
 11766 | D:9      | Killed Joseph
 11780 | D:9      | Found a hide-covered altar of Uskayaw.
 11864 | D:9      | Noticed Psyche
 11877 | D:9      | Killed Psyche
 12036 | D:9      | Reached XP level 11. HP: 74/74 MP: 8/19
 12329 | D:10     | Learned a level 4 spell: Flame Wave
 12346 | D:10     | Found an ornate altar of the Wu Jian Council.
 12469 | D:10     | Found a runed translucent gate.
 12471 | D:10     | Found a runed translucent gate.
 12491 | D:10     | Found a staircase to the Orcish Mines.
 12521 | D:10     | Found a runed translucent gate.
 12522 | D:10     | Noticed a red ugly thing
 12523 | D:10     | Noticed a green ugly thing
 12524 | D:10     | Noticed a green ugly thing
 12524 | D:10     | Noticed a green ugly thing
 12525 | D:10     | Noticed a white ugly thing
 12544 | D:10     | Reached skill level 7 in Fighting
 12908 | D:10     | Noticed a two-headed ogre
 12914 | D:10     | Killed a two-headed ogre
 13091 | D:10     | Reached skill level 5 in Staves
 13195 | D:10     | Found a shimmering blue altar of Sif Muna.
 13339 | D:11     | Noticed Nergalle
 13356 | D:11     | Noticed a spectral orc warlord
 13360 | D:11     | Noticed a seven-headed hydra
 13383 | D:11     | Killed a seven-headed hydra
 13384 | D:11     | Reached skill level 5 in Hexes
 13788 | Lair:1   | Entered Level 1 of the Lair of Beasts
 14134 | Lair:1   | Identified a scroll of acquirement
 14135 | Lair:1   | Acquired the +4 kite shield "Quad" {rF+ Slay+3}
 14149 | Lair:1   | Reached skill level 1 in Shields
 14714 | Lair:1   | Reached ***** piety under Hepliaklqana
 14830 | Lair:1   | Noticed a four-headed hydra
 14837 | Lair:1   | Killed a four-headed hydra
 15028 | Lair:1   | Learned a level 5 spell: Fireball
 15043 | Lair:1   | Reached skill level 5 in Shields
 15363 | Lair:2   | Gained mutation: When hurt, damage is shared between your
                  | health and your magic reserves. [demonic ancestry]
 15363 | Lair:2   | Reached XP level 12. HP: 81/81 MP: 17/21
 15688 | Lair:2   | Found a hole to the Spider Nest.
 15808 | Lair:2   | Noticed a five-headed hydra
 15816 | Lair:2   | Killed a five-headed hydra
 16301 | Lair:3   | Noticed a six-headed hydra
 16308 | Lair:3   | Killed a six-headed hydra
 16350 | Lair:3   | Noticed Rupert
 16356 | Lair:3   | Killed Rupert
 16577 | Lair:3   | Reached skill level 8 in Fighting
 16713 | Lair:3   | Found a staircase to the Swamp.
 17635 | Lair:4   | Found a viscous altar of Jiyva.
 17636 | Lair:4   | Found a staircase to the Slime Pits.
 17827 | Lair:4   | Gained mutation: You are mostly covered in yellow scales.
                  | (AC +3) [demonic ancestry]
 17827 | Lair:4   | Reached XP level 13. HP: 89/89 MP: 14/23
 18508 | Lair:5   | Entered Level 5 of the Lair of Beasts
 18787 | Lair:5   | Reached ****** piety under Hepliaklqana
 18902 | Lair:5   | Reached skill level 9 in Fighting
 20770 | Orc:1    | Entered Level 1 of the Orcish Mines
 20778 | Orc:1    | Noticed Sonja
 20786 | Orc:1    | Killed Sonja
 20854 | Orc:2    | Entered Level 2 of the Orcish Mines
 20875 | Orc:2    | Noticed Azrael
 20884 | Orc:2    | Noticed Snorg
 20917 | Orc:1    | Reached XP level 14. HP: 64/97 MP: 26/26
 21134 | Orc:1    | Noticed an orc warlord
 21575 | Orc:1    | Killed an orc warlord
 22212 | Orc:1    | Learned a level 5 spell: Iskenderun's Battlesphere
 22232 | Orc:1    | HP: 2/98 [Azrael/damnation (31)]
 22468 | Orc:1    | Killed Azrael
 22592 | Orc:1    | Killed Snorg
 23256 | Orc:2    | Noticed an orc warlord
 23267 | Orc:1    | Killed an orc warlord
 23268 | Orc:1    | Reached skill level 10 in Fighting
 23495 | Orc:2    | Paralysed by an orc sorcerer for 5 turns
 23689 | Orc:2    | Found Fih Zeat's General Store.
 24465 | Orc:2    | Found Orhop's Antique Armour Boutique.
 24600 | Orc:2    | Found Fihuan's Book Boutique.
 24609 | Orc:2    | Bought a book of Beasts for 456 gold pieces
 24690 | Orc:2    | Bought a condenser vane for 640 gold pieces
 24690 | Orc:2    | Bought a scroll of fear for 64 gold pieces
 24690 | Orc:2    | Bought a scroll of enchant armour for 120 gold pieces
 24719 | Orc:2    | Found a staircase to the Elven Halls.
 24754 | Orc:2    | Found Wuebio's Antique Weapon Boutique.
 24938 | Orc:2    | Reached skill level 1 in Poison Magic
 25102 | Orc:2    | Noticed an orc warlord
 25115 | Orc:2    | Reached skill level 1 in Air Magic
 25119 | Orc:2    | Noticed an orc warlord
 25168 | Orc:2    | Killed an orc warlord
 25349 | Orc:2    | Killed an orc warlord
 25694 | D:11     | Killed Nergalle
 26362 | D:12     | Found Behaubb's Antique Armour Shop.
 27074 | D:12     | Found a basalt altar of Yredelemnul.
 27793 | D:13     | Reached XP level 15. HP: 89/105 MP: 16/27
 28842 | D:13     | Found a gate to the Vaults.
 29115 | D:14     | Identified the amulet "Onofa" {Reflect Regen+ Str+3 Int+3
                  | SH+5}
 29185 | D:14     | Reached skill level 5 in Poison Magic
 29374 | D:14     | Reached skill level 10 in Stealth
 30087 | D:15     | Entered Level 15 of the Dungeon
 30092 | D:15     | Reached skill level 5 in Air Magic
 30220 | D:15     | Found a staircase to the Depths.
 30348 | Depths:1 | Entered Level 1 of the Depths
 30364 | Depths:1 | Reached skill level 10 in Conjurations
 30901 | D:15     | Reached skill level 11 in Fighting
 31705 | Elf:1    | Entered Level 1 of the Elven Halls
 32138 | Elf:1    | Gained mutation: You are robust. (+10% HP) [demonic
                  | ancestry]
 32138 | Elf:1    | Reached XP level 16. HP: 106/125 MP: 26/29
 33215 | Elf:1    | Reached skill level 1 in Summonings
 33356 | Elf:1    | Found Cint's Antique Weapon Emporium.
 34064 | D:10     | Learned a level 3 spell: Summon Guardian Golem
 34070 | D:10     | Learned a level 5 spell: Summon Mana Viper
 34225 | Spider:1 | Entered Level 1 of the Spider Nest
 34341 | Spider:1 | Noticed Jorgrun
 34348 | Spider:1 | Reached skill level 5 in Summonings
 34354 | Spider:1 | Killed Jorgrun
 34920 | Spider:2 | Found a frozen archway.
 34936 | IceCv    | Entered an ice cave
 34955 | IceCv    | Found a transporter.
 34975 | IceCv    | HP: 2/125 [white very ugly thing (16)]
 34976 | IceCv    | Mangled by a white very ugly thing

Illustrated notes

Levels and vault maps discovered:
D:1:      elethiomel_arrival_infinity_welcomes_careful_drivers, layout_basic,
          serial_glass, glass_columns_a, glass_columns_b
D:2:      layout_loops_corners, serial_shops,
          nicolae_shop_temple_entry_statues_fountains, minmay_unequal
D:3:      layout_loops_cross, ebering_ecumenical_altar_rust
D:4:      layout_loops_ring, minmay_temple_entry_nine_rooms
D:5:      layout_cave_pods, mainiacjoe_overflow_paths
D:6:      minmay_flawed_box, layout_basic, old_standard_altar,
          lemuel_doored_altar, gup_sewer_entry_glass,
          hangedman_abyss_or_decor_passed
D:7:      kennysheep_spiral_hall, layout_loops_corners, serial_shops,
          nicolae_shop_hallway_plus
D:8:      layout_basic, lemuel_tele_altar, erik_lair_dragon
D:9:      wad_cavern_with_rooms, layout_cave_pools,
          mainiacjoe_overflow_six_doors_small, nicolae_uskayaw_dance_hall,
          hex_large, uniq_psyche, uniq_joseph, uniq_grum
D:10:     layout_roguey, overflow_temple_1_default, tgw_sif, hiddenorc1_lemuel,
          ploomutoo_gammafunk_ghost_potion_laboratory,
          ebering_dispersal_statue_hall
D:11:     layout_cave_pools, gauntlet_entry_generic, kennysheep_island_fort,
          uniq_nergalle
D:12:     layout_loops_cross, serial_shops, nicolae_shop_statue_plus,
          yredelemnul_altar_generic
D:13:     layout_stronghold, david_vaults_1, minivault_12
D:14:     layout_gridville, serial_bayou_pond_e, small_chamber_with_monster,
          minmay_misc_feat_x
D:15:     grunt_enter_depths_snipers, layout_cave_pools, chequers_garden
Temple:   eino_temple_water
Lair:1:   layout_regular_city, nicolae_quartered_pool_little,
          grunt_megastairs_4, infiniplex_staircase_pool
Lair:2:   layout_cave_shapes, hellmonk_spider_entry_not_the_bees,
          grunt_megastairs_1, serial_bayou_shore_a
Lair:3:   layout_regular_city, minmay_swamp_entry_worms, serial_bayou_shore_b,
          uniq_rupert
Lair:4:   layout_hall_layers, slime_entry_1, serial_forest,
          infiniplex_forest_lined_room_2, infiniplex_forest_straight_4,
          infiniplex_forest_lined_room_3, infiniplex_forest_join,
          infiniplex_forest_diagonal, serial_bayou_crossing
Lair:5:   minmay_lair_end_enchanted_forest, layout_misc_corridors
Spider:1: layout_chambers, uniq_jorgrun
Spider:2: layout_spider_delve, portal_ice_cave_entry_pillars_1
Orc:1:    layout_caves, nicolae_orc_crystal_geode, uniq_sonja
Orc:2:    grunt_orc_gardens, layout_caves, grunt_orc_garden, grunt_orc_garden,
          grunt_orc_garden, grunt_orc_garden, basic_altar, minmay_orc_treasury,
          uniq_snorg, uniq_azrael
Elf:1:    eino_elf_arrival_shootout, layout_gridlike, serial_shops, shop,
          hangedman_elf_represent, statue_in_the_mist_lemuel, st_stairs_9,
          grunt_megastairs_3
Elf:2:    elven_hall_of_blades_hangedman_original [nicolae_blade_bullseye],
          layout_loops_cross, dk_noncrumbling_2, laboratory, uniq_donald
Depths:1: layout_gridville, enter_ziggurat_f, hell_entry, grunt_dithmenos_smoke,
          nrook_pool_corridor, chequers_serial_rivers_room_b,
          nicolae_alphabet_shops, grunt_decor_mini_mirrors,
          kennysheep_windowed_goal, minmay_shoptagon
IceCv:    ice_cave_statue_garden_transporter

Skill      XL: |  1  2  3  4  5  6  7  8  9 10 11 12 13 14 15 16 |
---------------+-------------------------------------------------+-----
Stealth        | 2 3 4 5 6 7 8 9 10 | 10.5
Dodging        | 2 3 4 5 6 7 8 9 |  9.6
Fire Magic     | 3 4 5 6 7 8 9 |  9.8
Conjurations   | 2 3 4 5 6 7 8 9 10 | 10.3
Spellcasting   | 3 4 5 6 8 9 |  9.7
Invocations    | 1 3 5 6 7 8 9 |  9.6
Fighting       | 1 2 4 5 6 7 8 9 10 11 | 11.2
Hexes          | 1 2 3 4 5 |  5.9
Staves         | 2 4 5 |  5.3
Shields        | 5 7 8 |  8.0
Poison Magic   | 3 6 7 |  7.0
Air Magic      | 3 5 6 |  6.4
Summonings     | 6 |  6.1

Action                   |  1- 3 |  4- 6 |  7- 9 | 10-12 | 13-15 | 16-18 || total
-------------------------+-------+-------+-------+-------+-------+-------++-------
Melee: Unarmed           |    12 |       |       |       |       |       ||    12
       Dagger            |     1 |       |       |       |       |       ||     1
       Short sword       |    12 |     5 |     7 |       |     1 |       ||    25
       Tailslap          |     1 |     5 |     5 |     3 |    23 |    15 ||    52
       Lajatang          |       |    27 |    12 |     6 |       |       ||    45
       Staff             |       |       |     4 |    11 |    10 |       ||    25
       Scimitar          |       |       |       |     1 |   127 |    45 ||   173
       Whip              |       |       |       |       |     9 |    21 ||    30
Throw: Dart              |       |       |       |       |     3 |       ||     3
       Throwing net      |       |       |       |       |     1 |       ||     1
 Cast: Foxfire           |    43 |    66 |   131 |   265 |   565 |    39 ||  1109
       Scorch            |     6 |    45 |    70 |   155 |   503 |   117 ||   896
       Inner Flame       |       |     1 |       |       |     6 |     4 ||    11
       Flame Wave        |       |       |       |     2 |     7 |     1 ||    10
       Mephitic Cloud    |       |       |       |       |     6 |     1 ||     7
       Fireball          |       |       |       |       |     2 |     1 ||     3
       Iskenderun's Batt |       |       |       |       |     2 |       ||     2
       Summon Guardian G |       |       |       |       |       |     4 ||     4
Invok: Ancestor Life: Ba |       |       |     1 |       |       |       ||     1
       Recall Ancestor   |       |       |       |     1 |     2 |       ||     3
       Idealise          |       |       |       |     1 |     2 |     1 ||     4
Evoke: Wand              |       |       |     1 |     3 |     8 |     2 ||    14
       Condenser vane    |       |       |       |       |     1 |     1 ||     2
  Use: Scroll            |    10 |     4 |    13 |    16 |    17 |     7 ||    67
       Potion            |     1 |     1 |     2 |     1 |    12 |     6 ||    23
 Stab: Sleeping          |     1 |       |       |       |       |     3 ||     4
       Distracted        |       |       |       |     1 |     2 |       ||     3
Armor: Robe              |    10 |    15 |     7 |       |       |       ||    32
       Steam dragon scal |       |       |       |    37 |    43 |       ||    80
       Troll leather arm |       |       |       |       |    70 |    65 ||   135
Dodge: Dodged            |    29 |    36 |    25 |    96 |   235 |   102 ||   523
Block: Kite shield       |       |       |       |    21 |   431 |   163 ||   615
       Reflection        |       |       |       |       |    10 |    10 ||    20
